 Dungeon Crawl Stone Soup version 0.24.0-124-g2791043dd8 (webtiles) character file.

Game seed: 8537677552491187847, levelgen mode: deterministic

78 Descartes the Scratcher (level 4, -2/19 HPs)
             Began as a Felid Transmuter on Feb 15, 2020.
             Slain by Sigmund
             ... wielding a +0 scythe
              (9 damage)
             ... on level 2 of the Dungeon.
             The game lasted 00:05:55 (3070 turns).

Descartes the Scratcher (Felid Transmuter)          Turns: 3070, Time: 00:05:56

Health: -2/19      AC:  1    Str:  7    XL:     4   Next: 15%
Magic:  8/8        EV: 19    Int: 17    God:
Gold:   161        SH:  0    Dex: 16    Spells: 4/7 levels left
                                        Lives:  0   Deaths: 1

rFire    . . .     SeeInvis +     - Unarmed
rCold    . . .     Gourm    .   (shield unavailable)
rNeg     . . .     Faith    .   (armour unavailable)
rPois    .         Spirit   .   (helmet unavailable)
rElec    .         Reflect  .   (cloak unavailable)
rCorr    .         Harm     .   (gloves unavailable)
MR       .....                  (boots unavailable)
Stlth    +.........             (no amulet)
HPRegen  0.06/turn              l - +3 ring of intelligence
MPRegen  0.11/turn              (no ring)

@: confused, lightly drained, quick
A: very small, no armour, no weapons or thrown items, stealth, claws 1, fangs 3,
see invisible, carnivore, speed 1, shaggy fur 1, slow metabolism 1, sharp paws
a: no special abilities


You were on level 2 of the Dungeon.
You were completely stuffed.

You visited 1 branch of the dungeon, and saw 3 of its levels.

You collected 161 gold pieces.

Inventory:

Missiles
 a - 36 arrows
 f - 52 stones
Jewellery
 l - a +3 ring of intelligence (left paw)
Wands
 k - a wand of enslavement (3)
Scrolls
 d - a scroll of teleportation {unknown}
 e - 2 scrolls of identify
 i - a scroll of remove curse {unknown}
 j - a scroll of random uselessness {unknown}
Potions
 b - a potion of resistance
 h - 2 potions of haste
 m - a potion of flight
Comestibles
 c - 5 rations


   Skills:
 - Level 1.0(0.9) Fighting
 + Level 3.5 Dodging
 + Level 2.6 Stealth
 * Level 4.0 Unarmed Combat
 + Level 2.4 Spellcasting
 + Level 3.1 Transmutations
 + Level 0.5 Evocations


You had 4 spell levels left.
You knew the following spells:

 Your Spells              Type           Power        Failure   Level  Hunger
a - Beastly Appendage     Tmut           ##....       5%          1    #......
b - Sticks to Snakes      Tmut           ##......     8%          2    ##.....

Your spell library contained the following spells:

 Spells                   Type           Power        Failure   Level  Hunger
 Spider Form              Tmut/Pois      #.........   28%         3    ###....
 Ice Form                 Ice/Tmut       #.......     67%         4    #####..
 Blade Hands              Tmut           ##........   82%         5    ######.


Dungeon Overview and Level Annotations

Branches:
Dungeon (3/15)

Altars:
Cheibriados
Dithmenos
Qazlal

Annotations:
D:2 Sigmund


Innate Abilities, Weirdness & Mutations

You cannot wear armour.
You are incapable of wielding weapons or throwing items.
Your paws allow you to move quietly. (Stealth)
You have sharp claws.
You have razor-sharp teeth.
You have supernaturally acute eyesight. (SInv)
You are carnivorous and can eat meat at any time.
You cover ground quickly.
You are covered in fur. (AC +1)
You have a slow metabolism.
Your sharp claws are effective at attacking unaware monsters.


Message History

Sigmund is severely wounded.
Sigmund points at you and mumbles some strange words.
The puff of flame misses you.
You completely miss Sigmund. You bite Sigmund, but do no damage.
Sigmund is severely wounded.
Sigmund hits you but does no damage.
You scratch Sigmund but do no damage.
Sigmund is severely wounded.
You scratch Sigmund.
Sigmund is severely wounded.
Sigmund misses you.
You closely miss Sigmund.
Sigmund is severely wounded.
You scratch Sigmund.
Sigmund is almost dead.
Sigmund casts a spell at you.
You are confused.
Sigmund says, "Look into my eyes."
Sigmund hits you from afar with a +0 scythe!
You die...

#............##### *
#............# **** #....[.......#
#########.,, #............###
#.........*) #..............#
#.########*, #.####.#....##.# #.#
*, ..####.#.##.##.#######.## *,
.....#.#..#.##..........# *,
.......##...#...@.......########,
......###..)..#.................,
......####..###.@..)....########.
......รท......##..................
8_....###..)............########.
.....##..........................
.....##...#..............########
##..###.###......................
#.###..# #..............########


You could see Sigmund.

Vanquished Creatures
  A gnoll (D:1)
  2 adders
  4 worms
  A dart slug (D:3)
  2 leopard geckos (D:1)
  4 orcs
  A ball python (D:2)
  7 bats
  2 giant cockroaches
  8 goblins
  9 hobgoblins
  9 jackals
  2 quokkas (D:3)
  5 frilled lizards
  12 kobolds
  8 rats
77 creatures vanquished.

Notes
Turn   | Place    | Note
-------+----------+-------------------------------------------
     0 | D:1      | Descartes the Felid Transmuter began the quest for the Orb.
     0 | D:1      | Reached XP level 1. HP: 9/9 MP: 4/4
   223 | D:1      | Reached XP level 2. HP: 12/12 MP: 6/6
   295 | D:1      | Reached skill level 1 in Stealth
   480 | D:1      | Reached XP level 3. HP: 6/15 MP: 7/7
  1149 | D:2      | Noticed Sigmund
  1425 | D:2      | Reached XP level 4. HP: 7/19 MP: 8/8
  1753 | D:2      | Found a shadowy altar of Dithmenos.
  1753 | D:2      | Found a stormy altar of Qazlal.
  1858 | D:2      | Learned a level 2 spell: Sticks to Snakes
  1902 | D:2      | Found a faded altar of an unknown god.
  2021 | D:2      | Mangled by an orc
  2022 | D:2      | Reached XP level 3. HP: -6/15 MP: 7/7
  2316 | D:3      | Found a snail-covered altar of Cheibriados.
  2454 | D:3      | Reached XP level 4. HP: 19/19 MP: 8/8
  2765 | D:3      | Reached skill level 4 in Unarmed Combat
  2896 | D:2      | Found a shadowy altar of Dithmenos.
  2897 | D:2      | Found a stormy altar of Qazlal.
  2932 | D:2      | Found a faded altar of an unknown god.
  3070 | D:2      | Slain by Sigmund

Levels and vault maps discovered:
D:1:      psy_arrival_statuary, layout_basic, minmay_misc_feat_doors
D:2:      layout_rooms, chequers_temple_overflow_statue_of_worship,
          chequers_ecumenical_altar_island, uniq_sigmund
D:3:      layout_basic, cheibriados_altar_1, ebering_dispersal_statue_hall,
          hangedman_decor_growths

Skill      XL: |  1  2  3  4 |
---------------+-------------+-----
Stealth        | 1 2 |  2.6
Dodging        | 3 |  3.5
Transmutations | 3 |  3.1
Unarmed Combat | 4 |  4.0
Fighting       | |  1.0
Spellcasting   | |  2.4
Evocations     | |  0.5

Action                   |  1- 3 |  4- 6 || total
-------------------------+-------+-------++-------
Melee: Unarmed           |   175 |    48 ||   223
       Bite              |     7 |     7 ||    14
       Punch             |     3 |     1 ||     4
  Use: Potion            |     1 |       ||     1
       Scroll            |       |     3 ||     3
 Stab: Sleeping          |     7 |     3 ||    10
       Distracted        |     1 |       ||     1
  Eat: Chunk             |    14 |     3 ||    17
Armor: Skin              |    13 |       ||    13
Dodge: Dodged            |   134 |    25 ||   159
